 Dungeon Crawl Stone Soup version 0.25.0-46-gbd7b0854d2 (webtiles) character file.

Game seed: 9100868462437252440

116 nikku the Skirmisher (level 4, 0/41 HPs)
             Began as a Minotaur Berserker on July 18, 2020.
             Was a Believer of Trog.
             Succumbed to Crazy Yiuf's poison
             ... on level 2 of the Dungeon.
             The game lasted 00:04:04 (1548 turns).

nikku the Skirmisher (Minotaur Berserker)           Turns: 1548, Time: 00:04:04

Health: 0/41       AC: 10    Str: 23    XL:     4   Next: 69%
Magic:  3/3        EV:  8    Int:  4    God:    Trog [**....]
Gold:   72         SH:  3    Dex:  9    Spells: 3/3 levels left

rFire    . . .     SeeInvis .   a - +0 hand axe
rCold    . . .     Gourm    .   d - +0 buckler
rNeg     . . .     Faith    .   h - +0 chain mail
rPois    .         Spirit   .   (helmet restricted)
rElec    .         Reflect  .   (no cloak)
rCorr    .         Harm     .   (no gloves)
MR       .....                  i - +0 pair of boots
Stlth    ..........             (no amulet)
HPRegen  0.13/turn              (no ring)
MPRegen  0.08/turn              (no ring)

@: lethally poisoned (0 -> -2), berserk cooldown
A: retaliatory headbutt, horns 2
a: Berserk, Trog's Hand, Renounce Religion


You were on level 2 of the Dungeon.
You worshipped Trog.
Trog was pleased with you.
You were not hungry.

You visited 1 branch of the dungeon, and saw 2 of its levels.

You collected 72 gold pieces.

Inventory:

Hand Weapons
 a - a +0 hand axe (weapon)
Missiles
 e - 5 javelins (quivered)
 k - 3 poisoned darts
Armour
 d - a +0 buckler (worn)
 h - a +0 chain mail (worn)
 i - a +0 pair of boots (worn)
 n - a +0 cloak
Potions
 j - a potion of stabbing
 l - a potion of magic
 m - a potion of lignification {unknown}
Comestibles
 c - a ration


   Skills:
 + Level 4.7 Fighting
 + Level 4.6 Axes
 + Level 4.0 Armour
 - Level 2.1 Dodging
 + Level 1.3 Shields


You had 3 spell levels left.
You didn't know any spells.
Your spell library was empty.

Dungeon Overview and Level Annotations

Branches:
Dungeon (2/15)

Altars:


Innate Abilities, Weirdness & Mutations

You reflexively headbutt those who attack you in melee.
You have a pair of horns on your head.


Message History

[Y]es or [N]o only, please.
Keep equipping yourself? [Y]es or [N]o only, please.
Keep equipping yourself?
You stop putting on your armour.
* * * LOW HITPOINT WARNING * * *
You feel sick.
It was a potion of stabbing.
You feel ready to backstab.
* * * LOW HITPOINT WARNING * * *
You feel sick.
It was a potion of magic.
Magic courses through your body.
It was a potion of cancellation.
Your magical effects are unravelling.
You feel magically purged.
You feel yourself speed up.
You feel a little less mighty now.
You feel less ready to backstab.
It was a potion of berserk rage.
You're still recovering from your berserk rage.
You die...

...............
#.#.#.#
##..#.#.###..#.
#####.#.#.#
...........<...
#.........#
.......########
####....#.# ##..#.##
#....#.#
#..#.###♣♣♣♣♣
###....#.##
##..#.##...♣.♣♣♣ ####
#..........
#...#.......♣..♣#...#
###.#..#.##
#...#......♣♣♣♣.@...#
#......#.#
#...#..#..♣♣ ♣♣#..)#
###.#.##.#
.......##♣♣ ####
#.#.##.# .......#
###.#.##.# .......#
#.....##.#
.......#######
#####.....##.#
...##.........
........[.##.#
...##.#######. .
..####.#.##.# ......#
....####.#.##.##


There were no monsters in sight!

Vanquished Creatures
  A centaur skeleton (D:2)
  Crazy Yiuf (D:2)
  An ooze (D:1)
  3 dart slugs (D:1)
  A ball python (D:1)
  A giant cockroach (D:1)
  8 goblins
  7 hobgoblins (D:1)
  6 jackals
  3 bats
  3 frilled lizards (D:1)
  4 kobolds
  7 rats (D:1)
46 creatures vanquished.

Notes
Turn   | Place    | Note
-------+----------+-------------------------------------------
     0 | D:1      | nikku the Minotaur Berserker began the quest for the Orb.
     0 | D:1      | Reached XP level 1. HP: 19/19 MP: 0/0
   194 | D:1      | Reached XP level 2. HP: 23/27 MP: 1/1
   432 | D:1      | Reached ** piety under Trog
   721 | D:1      | Reached XP level 3. HP: 33/33 MP: 2/2
  1412 | D:2      | Reached XP level 4. HP: 35/41 MP: 3/3
  1488 | D:2      | Found a runed translucent door.
  1489 | D:2      | Noticed Crazy Yiuf
  1537 | D:2      | Killed Crazy Yiuf
  1537 | D:2      | Reached skill level 1 in Shields
  1542 | D:2      | HP: 2/41 [poisoned by Crazy Yiuf]
  1548 | D:2      | Succumbed to Crazy Yiuf's poison

Illustrated notes

Levels and vault maps discovered:
D:1:      dpeg_arrival_refuge, layout_basic, st_stairs_11,
          minmay_misc_feat_plants
D:2:      layout_basic, minmay_vboxes, uniq_terence, uniq_crazy_yiuf_cottage

Skill      XL: |  1  2  3  4 |
---------------+-------------+-----
Fighting       | 4 |  4.7
Axes           | 4 |  4.6
Armour         | 3 4 |  4.0
Shields        | 1 |  1.3
Dodging        | |  2.1

Action                   |  1- 3 |  4- 6 || total
-------------------------+-------+-------++-------
Melee: Hand axe          |    82 |     7 ||    89
       Headbutt          |     8 |     1 ||     9
Invok: Berserk           |       |     1 ||     1
  Use: Scroll            |     4 |       ||     4
       Potion            |       |     4 ||     4
  Eat: Chunk             |     2 |     1 ||     3
Armor: Animal skin       |     1 |       ||     1
       Leather armour    |     8 |       ||     8
       Chain mail        |    29 |     1 ||    30
Dodge: Dodged            |    50 |     1 ||    51
Block: Buckler           |     2 |       ||     2
